 Dungeon Crawl Stone Soup version 0.17.2-1-ge4368a0 (webtiles) character file.

102 TheWearerOfSilk the Insei (level 4, -1/35 HPs)
             Began as a Mummy Monk on Apr 29, 2017.
             Slain by a kobold (4 damage)
             ... on level 3 of the Dungeon.
             The game lasted 00:02:29 (3057 turns).

TheWearerOfSilk the Insei (Mummy Monk)              Turns: 3057, Time: 00:02:30

Health: -1/35      AC:  0    Str: 14    XL:     4   Next: 50%
Magic:  4/4        EV:  8    Int:  9    God:
Gold:   85         SH:  0    Dex: 15    Spells: 0 memorised, 3 levels left

rFire  x . .     SeeInvis .       - Unarmed
rCold  + + .     Clarity  .     (no armour)
rNeg   + + +     SustAt   .     (no shield)
rPois  ∞         Gourm    .     (no helmet)
rElec  .         Spirit   .     (no cloak)
rCorr  .         Warding  .     (no gloves)
rMut   .         Stasis   .     (no boots)
MR     .....                    (no amulet)
Stlth  ++........               b - ring of protection from cold
                                (no ring)

@: not resistant to hostile enchantments, unstealthy
A: no food or potions, fire vulnerability, cold resistance 1, negative energy
resistance 3, torment resistance, unbreathing
a: no special abilities


You were on level 3 of the Dungeon.
You were not hungry.

You visited 1 branch of the dungeon, and saw 3 of its levels.

You collected 85 gold pieces.


Innate Abilities, Weirdness & Mutations

You do not eat or drink.
Your flesh is vulnerable to fire.
You are immune to poison.
Your flesh is cold resistant.
You are immune to negative energy.
You are immune to unholy pain and torment.
You can survive without breathing.


   Skills:
 + Level 3.0 Fighting
 - Level 2.4 Dodging
 - Level 1.5 Stealth
 - Level 5.0 Unarmed Combat


You had 3 spell levels left.
You didn't know any spells.

Inventory:

Jewellery
 b - a ring of protection from cold (right hand)
Scrolls
 a - a scroll of enchant armour {unknown}
 c - 2 scrolls of identify {unknown}

Dungeon Overview and Level Annotations

Branches:
Dungeon (3/15)

Altars:
Cheibriados

Annotations:
D:2 Natasha

▒▒.▒▒..▒▒▒▒▒.▒
▒▒.▒......▒ ▒.▒ ▒
...▒▒.▒▒.▒▒ ▒.▒
▒.▒▒▒▒.▒.....▒ ▒.▒
..?..........▒ ▒.▒
............▒ ▒▒▒.▒▒.
...........▒▒▒▒...▒▒.
▒▒▒.........▒▒...▒▒.
▒..MKo......▒▒...▒▒.
▒.▒.▒▒▒▒▒.▒..▒...▒▒.
▒.▒▒.▒.▒▒▒▒▒†▒..▒▒▒.▒▒.
.............o...▒
▒.▒▒.
...▒............▒▒
▒.▒▒. ▒....▒▒▒▒▒▒▒.▒
▒.▒▒.
+............▒▒▒▒.▒▒.
▒.................†..
▒....▒▒▒▒▒▒▒.▒▒▒▒.▒▒.


You could see an orc and a kobold.


Message History

You see here an adder corpse!
The orc shouts!!!
A kobold comes into view!
The kobold shouts!!!
You pummel the orc but do no damage! The orc hits you with a flail!!!
You take 7 damage, and have 24/35 hp!
You squash the orc but do no damage!
The orc hits you with a flail!!! * * * don't die
* * * You take 13 damage, and have 11/35 hp!
MASSIVE DAMAGE!!!!!!
You beat the orc into a bloody pulp!
The orc is heavily wounded!
The orc barely misses you!
You pummel the orc but do no damage!
The orc is heavily wounded!
You squash the orc but do no damage!
The orc is heavily wounded!
The orc hits you with a flail! * * * don't die
* * * You take 4 damage, and have 7/35 hp!
You see here an adder corpse!
Found a scroll labeled VAS KYJABAE!
You barely miss the orc!
The orc is moderately wounded!
The orc hits you with a flail!!! * * * don't die
* * * You take 8 damage, and have 2/35 hp!
MASSIVE DAMAGE!!!!!!
You see here a hobgoblin corpse!
There is a stone staircase leading down here!
The kobold hits you! rip

Action                   |  1- 3 |  4- 6 || total
-------------------------+-------+-------++-------
Melee: Unarmed           |   166 |    29 ||   195
 Stab: Sleeping          |     3 |       ||     3

Vault maps used:
D:1:      arrival_aquarium_b
D:2:      cheibriados_altar_1, ecumenical_altar_1, roderic_three_in_a_row,
          uniq_natasha
D:3:      kennysheep_generic_room_9, uniq_robin

Notes
Turn   | Place    | Note
--------------------------------------------------------------
     0 | D:1      | TheWearerOfSilk the Mummy Monk began the quest for the Orb.
     0 | D:1      | Reached XP level 1. HP: 18/18 MP: 1/1
     9 | D:1      | Noticed an electric eel
     9 | D:1      | Noticed an electric eel
   278 | D:1      | You fall through a shaft!
   287 | D:2      | Reached XP level 2. HP: 21/24 MP: 2/2
   403 | D:2      | Noticed Natasha
   410 | D:2      | Killed Natasha
   410 | D:2      | Reached skill level 4 in Unarmed Combat
   410 | D:2      | Reached XP level 3. HP: 7/29 MP: 3/3
   774 | D:2      | Found a snail-covered altar of Cheibriados.
  2586 | D:1      | Reached XP level 4. HP: 32/35 MP: 4/4
  2807 | D:2      | Noticed Natasha
  3005 | D:3      | Reached skill level 5 in Unarmed Combat
  3048 | D:3      | HP: 2/35 [orc/flail (9)]
  3057 | D:3      | Slain by a kobold

Vanquished Creatures
  Natasha (D:2)
  4 adders
  7 bats
  3 giant cockroaches (D:1)
  6 goblins
  7 hobgoblins
  4 jackals
  A ball python (D:1)
  3 giant newts
  5 kobolds
  5 rats
46 creatures vanquished.
